woodfighter, chaotic female elven Priestess ------ |....| ------- |..<.| |......####################### |.)...#######...%..| |....| |.....| ------------- --------------- |....-# |......##########|`.........`|#################-...(.oo......| --+-.-% |.*...| #......`.....|# |.....oo@.)...| # )## --.---- |...-.---...|# .......of.....| ##### # |...|.{.|...|# --------------- # #### # |..`|{.{|`..|# # #`## # |...|.{.|...|# ---.----########### |...-----...|# |......|# --.-.-+---- |.....`......## |.....>|### |.........| |`.........`|# |......| # |.........| ------------- |......| ##..........| -------- ----------- woodfighter the Adept Experience level: 6 Strength: 14 Dexterity: 15 Constitution: 13 Intelligence: 18 Wisdom: 13 Charisma: 7 Health: 0(38) Energy: 53(74) Def: 4 Gold: 0 Moves: 3146 Dungeon seed: k35DaQ88GXSyfUd8 Game ID: woodfighter_1534417734 Your Inventory: Amulets M - a cursed amulet of restful sleep Weapons a - a blessed +1 mace (weapon in hand) Armor e - a +0 robe (being worn) n - a +0 small shield (being worn) r - a +0 orcish helm (being worn) y - a +0 dwarvish cloak Y - a cursed -1 pair of fumble boots Comestibles c - a clove of garlic d - 4 sprigs of wolfsbane k - 6 food rations v - 2 magic beans Rings l - a ring of fire resistance H - a ring of regeneration Wands f - a wand of cancellation (0:1) w - a wand of slow monster (0:4) Tools i - a magic marker (0:50) Gems q - a jade Q - a touchstone Spells and supernatural/magical abilities: Name Level Category Fail Memory h - healing 1 healing 0% 85% K - cure sickness 3 healing 68% 85% W - pray for help -- divine ? -- X - turn undead -- divine ? -- Your skills at the end: Miscellaneous Skills shield [Basic] wands [Basic] Weapon Skills mace [Basic] Spellcasting Skills clerical spells [Basic] Final Attributes: You were piously aligned. You were sleep resistant. Your writing hand was ok. You had infravision. You were very stealthy. You are dead. Vanquished creatures: a dingo a dust vortex 2 ponies 2 fog clouds a shrieker a gnome lord a guardian naga hatchling a gray ooze a straw golem a giant ant a kitten a dwarf 2 kobold lords 2 iguanas a hill orc a jitterbug a monkey a gas spore a hobbit 2 geckos 9 giant rats 3 yellow molds 2 red molds a gnome a garter snake a gnome zombie 4 jackals a fox a kobold 7 newts 3 goblins 2 sewer rats 5 grid bugs 2 lichens 67 creatures vanquished. Voluntary challenges: You did not adorn yourself with jewelry or accessories. You did not cause conflict. You were not invisible. You did not have reflection. You were not displaced. You were an atheist. You used a wielded weapon 107 times, starting on turn 1. You did not apply a unicorn horn. You did not use plumbed fixtures. You did not drink any magical draughts. You were illiterate. You never genocided any monsters. You never polymorphed an object. You never changed form. You used no wishes. You never split a pudding. You never wrote Elbereth's name. You never violated your personal moral code. Dungeon overview: The Dungeons of Doom: levels 1 to 9 Level 1 a fountain a long staircase Level 2 a fountain Level 3 a fountain Level 4 an altar to Camaxtli stairs to The Gnomish Mines Level 5 (eye) some fountains Level 6 (books) a sink Level 7 Level 8 <- You were here many fountains Level 9 The Gnomish Mines: Level 5 stairs to The Dungeons of Doom History has recorded: On T:1 you entered the Dungeons of Doom to retrieve the Amulet of Yendor! On T:313 you reached level 2 of The Dungeons of Doom. On T:475 you advanced to experience level 2. On T:687 you reached level 3 of The Dungeons of Doom. On T:826 you reached level 4 of The Dungeons of Doom. On T:890 you advanced to experience level 3. On T:1278 you reached level 5 of The Dungeons of Doom. On T:1325 you reached level 6 of The Dungeons of Doom. On T:1506 you advanced to experience level 4. On T:1865 you advanced to experience level 5. On T:1870 you reached level 1 of The Gnomish Mines. On T:2622 you reached level 7 of The Dungeons of Doom. On T:2711 you reached level 8 of The Dungeons of Doom. On T:2789 you advanced to experience level 6. On T:2830 you reached level 9 of The Dungeons of Doom. Score breakdown: Gold: 0 ( 0 points) Experience: 6 levels ( 500 points) Exploration: 9 levels ( 240 points) Discoveries: 9 items ( 450 points) Variety of kills: 34 monsters ( 1700 points) Major goal: (nothing yet) ( 0 points) Survival: died (score multiplied by 3) Total score: 8670 Latest messages: The hill orc punches you! Kitty bites the hill orc. The hill orc misses kitty. Kitty misses the hill orc. You feel better. The hill orc swings his curved sword at you. The hill orc slashes you! The hill orc swings her curved sword at you. The hill orc slashes you! Kitty misses the hill orc. You feel better. The hill orc just misses! Kitty bites the hill orc. The hill orc is killed! Kitty misses the hill orc. You hit the hill orc! The hill orc swings his curved sword at you. The hill orc slashes you! The hill orc swings her curved sword at you. The hill orc hacks you! Kitty bites the hill orc. You hit the hill orc. The hill orc swings his curved sword at you. The hill orc slashes you! The hill orc swings her curved sword at you. The hill orc hacks you! You die... Final status: Goodbye woodfighter the Priestess, killed by a hill orc... You died in The Dungeons of Doom on dungeon level 8 with 8670 points, and 0 pieces of gold, after 3146 moves. You were level 6 with a maximum of 38 hit points when you died.